 Dungeon Crawl Stone Soup version 0.31.0-12-g77e489cdc1 (webtiles) character file.

Game seed: 2072835788774538629

173 PaiMei the Grave Robber (level 5, 0/35 HPs)
             Began as a Demonspawn Necromancer on Mar 1, 2024.
             Slain by a water moccasin (6 damage)
             ... on level 4 of the Dungeon.
             The game lasted 00:03:53 (3274 turns).

PaiMei the Grave Robber (Demonspawn Necromancer)    Turns: 3274, Time: 00:03:54

Health: 0/35       AC:  2    Str: 11    XL:     5   Next: 28%
Magic:  3/9        EV: 12    Int: 18    God:
Gold:   154        SH:  4    Dex: 13    Spells: 9/10 levels left

rFire   . . .        a - +8 sling of the End {flame, Str+3}
rCold   . . .        (no shield)
rNeg    . . .        o - +0 robe
rPois   .            (helmet restricted)
rElec   .            (no cloak)
rCorr   .            (no gloves)
SInv    .            (no boots)
Will    .....        (no amulet)
Stlth   ++           (no ring)
HPRegen 0.25/turn    (no ring)
MPRegen 0.11/turn

%: no passive effects
@: lethally poisoned (0 -> -16)
A: horns 1, large bone plates 1
a: no special abilities


You were on level 4 of the Dungeon.
You visited 1 branch of the dungeon, and saw 4 of its levels.

You collected 154 gold pieces.

Inventory:

Hand Weapons
 a - the +8 sling of the End (weapon) {flame, Str+3}
   (You found it on level 3 of the Dungeon)

   Str+3:     It affects your strength (+3).
 b - a +0 hand axe
Armour
 o - a +0 robe (worn)
Jewellery
 d - an amulet of guardian spirit
 m - a ring of fire
Scrolls
 e - a scroll of noise {unknown}
 h - a scroll of enchant weapon {unknown}
 i - 2 scrolls of teleportation {unknown}
 k - a scroll of enchant armour {unknown}
 n - a scroll of identify {unknown}
Potions
 c - 2 potions of magic
 f - a potion of attraction {unknown}
 g - 2 potions of curing {unknown}
 j - 2 potions of enlightenment {unknown}
 l - a potion of might {unknown}


   Skills:
 + Level 2.8 Dodging
 + Level 3.1 Stealth
 + Level 3.0 Spellcasting
 + Level 5.2 Necromancy


You had 9 spell levels left.
You knew the following spells:

 Your Spells              Type           Power      Damage    Failure   Level
a - Necrotise             Necr           84%        1d8       1%          1

Your spell library contained the following spells:

 Spells                   Type           Power      Damage    Failure   Level
 Fugue of the Fallen      Necr           21%        N/A       5%          3
 Vampiric Draining        Necr           21%        2d7       5%          3
 Animate Dead             Necr           21%        N/A       19%         4
 Ensorcelled Hibernation  Hex/Ice        4%         N/A       24%         2
 Lesser Beckoning         Tloc           4%         N/A       24%         2
 Static Discharge         Conj/Air       4%         3-4/arc   24%         2
 Gell's Gravitas          Tloc           2%         N/A       43%         3
 Ozocubu's Armour         Ice            2%         N/A       43%         3
 Passwall                 Erth           2%         N/A       43%         3
 Swiftness                Air            2%         N/A       43%         3
 Teleport Other           Tloc           2%         N/A       43%         3
 Curse of Agony           Necr           21%        N/A       45%         5
 Airstrike                Air            1%         2d(1-17)  85%         4
 Manifold Assault         Tloc           2%         N/A       85%         4
 Summon Lightning Spire   Summ/Air       2%         N/A       85%         4


Dungeon Overview and Level Annotations

Branches:
Dungeon (4/15)
 Temple: D:4-7

Altars:


Innate Abilities, Weirdness & Mutations

You have a pair of small horns on your head.
You are partially covered in large bone plates. (SH +4)


Message History

Aiming: Necrotise (safe; 1% risk of failure)
Press: ? - help, Shift-Dir - straight line, f/p - water moccasin
Aim: a water moccasin (lightly wounded, chance to affect: 80%)
The water moccasin writhes in agony!
You block the water moccasin's attack.
Casting: Necrotise (safe; 1% risk of failure)
Confirm with . or Enter, or press ? or * to list all spells.
Aiming: Necrotise (safe; 1% risk of failure)
Press: ? - help, Shift-Dir - straight line, f/p - water moccasin
Aim: a water moccasin (moderately wounded, chance to affect: 80%)
The water moccasin barely resists.
The water moccasin bites you.
You are poisoned.
The water moccasin poisons you! The water moccasin bites you!
You are lethally poisoned!
The water moccasin poisons you!
Casting: Necrotise (safe; 1% risk of failure)
Confirm with . or Enter, or press ? or * to list all spells.
Aiming: Necrotise (safe; 1% risk of failure)
Press: ? - help, Shift-Dir - straight line, f/p - water moccasin
Aim: a water moccasin (moderately wounded, chance to affect: 80%)
The water moccasin writhes in agony.
You feel extremely sick. The water moccasin barely misses you.
Casting: Necrotise (safe; 1% risk of failure)
Confirm with . or Enter, or press ? or * to list all spells.
Aiming: Necrotise (safe; 1% risk of failure)
Press: ? - help, Shift-Dir - straight line, f/p - water moccasin
Aim: a water moccasin (heavily wounded, chance to affect: 80%)
The water moccasin writhes in agony.
You feel very sick.
The water moccasin bites you but does no damage.
Casting: Necrotise (safe; 1% risk of failure)
Confirm with . or Enter, or press ? or * to list all spells.
Aiming: Necrotise (safe; 1% risk of failure)
Press: ? - help, Shift-Dir - straight line, f/p - water moccasin
Aim: a water moccasin (severely wounded, chance to affect: 80%)
The water moccasin barely resists.
* * * LOW HITPOINT WARNING * * *
You feel very sick. You block the water moccasin's attack.
The water moccasin bites you.
You die...

............
...........
..)........
..........
....)....# ..)....#
#)...# . #.)@.# ####
..
+..S.#+###..######..
#....+.......#...+..
#....#.......'...#..
+....##+##'###.###..
#...........##.#....
#...........#..#....
#...........+..'....
#...........####....


You could see a water moccasin.

Vanquished Creatures
  A hound (D:4)
  5 adders
  3 gnolls
  A dart slug (D:3)
  9 orcs
  3 ball pythons
  4 endoplasms
  3 giant cockroaches
  3 goblins
  6 hobgoblins
  3 jackals (D:3)
  4 quokkas
  A bat (D:3)
  3 frilled lizards
  4 kobolds
  6 rats
59 creatures vanquished.

Notes
Turn   | Place    | Note
-------+----------+-------------------------------------------
     0 | D:1      | PaiMei the Demonspawn Necromancer began the quest for the
                  | Orb.
     0 | D:1      | Reached XP level 1. HP: 13/13 MP: 3/3
   239 | D:1      | Gained mutation: You have a pair of small horns on your
                  | head. [demonic ancestry]
   239 | D:1      | Reached XP level 2. HP: 19/19 MP: 0/5
   888 | D:2      | Reached XP level 3. HP: 24/24 MP: 3/6
  1536 | D:2      | Gained mutation: You are partially covered in large bone
                  | plates. (SH +4) [demonic ancestry]
  1536 | D:2      | Reached XP level 4. HP: 23/30 MP: 0/7
  1718 | D:3      | Found a faded altar of an unknown god.
  2202 | D:3      | Reached skill level 5 in Necromancy
  2731 | D:3      | Identified the +8 sling of the End {flame, Str+3}
  3187 | D:4      | Reached XP level 5. HP: 35/35 MP: 9/9
  3264 | D:4      | Noticed a water moccasin
  3274 | D:4      | Slain by a water moccasin

Illustrated notes

Levels and vault maps discovered:
D:1:      psy_arrival_spokes, layout_loops_ring
D:2:      layout_basic
D:3:      layout_basic, ebering_ecumenical_altar_abandoned
D:4:      layout_gridville, mainiacjoe_overflow_chevrons,
          kennysheep_decorative_pillar, uniq_edmund

Skill      XL: |  1  2  3  4 |
---------------+-------------+-----
Stealth        | 2 3 |  3.1
Dodging        | 2 |  2.8
Necromancy     | 5 |  5.2
Spellcasting   | 3 |  3.0

Action                     |  1- 3 |  4- 6 || total
---------------------------+-------+-------++-------
  Melee: Hand axe          |    27 |     8 ||    35
         Punch             |     1 |       ||     1
         Headbutt          |       |     2 ||     2
   Fire: Sling             |       |    13 ||    13
   Cast: Necrotise         |    56 |    50 ||   106
 Armour: Robe              |    25 |    13 ||    38
  Dodge: Dodged            |    28 |    10 ||    38
  Block: Other             |       |     6 ||     6
